 Dungeon Crawl Stone Soup version 0.26-a0-572-g753d7e3450 (webtiles) character file.

Game seed: 7399872183855898459

870 Mitsuki the Shield-Bearer (level 8, -7/50 HPs)
             Began as a Gargoyle Fighter on Aug 21, 2020.
             Killed from afar by an oklob sapling (9 damage)
             ... with a splash of acid
             ... on level 4 of the Dungeon.
             The game lasted 00:13:24 (4788 turns).

Mitsuki the Shield-Bearer (Gargoyle Fighter)        Turns: 4788, Time: 00:13:24

Health: -7/50      AC: 15    Str: 21    XL:     8   Next: 3%
Magic:  16/16      EV:  7    Int: 12    God:
Gold:   308        SH: 10    Dex:  9    Spells: 7/7 levels left

rFire    + . .     SeeInvis .   a - +0 flail
rCold    . . .     Faith    .   c - +0 kite shield
rNeg     + . .     Spirit   .   b - +0 scale mail
rPois    ∞         Reflect  .   v - +0 helmet (curse)
rElec    +         Harm     .   n - +0 cloak
rCorr    .                      (no gloves)
MR       .....                  (no boots)
Stlth    ..........             (no amulet)
HPRegen  0.16/turn              r - ring of magical power
MPRegen  0.15/turn              (no ring)

@: no status effects
A: talons 1, clever 1, fire resistance 1, low mp 1, negative energy resistance
1, electricity resistance, unbreathing, petrification resistance, rot immunity,
AC +5
a: no special abilities


You were on level 4 of the Dungeon.
You visited 1 branch of the dungeon, and saw 4 of its levels.
You also visited: Sewer.

You collected 308 gold pieces.

Inventory:

Hand Weapons
 a - a +0 flail (weapon)
Armour
 b - a +0 scale mail (worn)
 c - a +0 kite shield (worn)
 n - a +0 cloak (worn)
 v - a cursed +0 helmet (worn)
 y - a +0 pair of boots
Jewellery
 r - a ring of magical power (left hand)
Wands
 s - a wand of disintegration (15)
Scrolls
 e - 5 scrolls of remove curse {unknown}
 g - a scroll of amnesia {unknown}
 j - a scroll of magic mapping {unknown}
 k - 4 scrolls of identify {unknown}
 l - 3 scrolls of blinking {unknown}
 m - a scroll of enchant armour {unknown}
 p - a scroll of fog {unknown}
 t - 2 scrolls of teleportation {unknown}
 u - 3 scrolls of fear {unknown}
 x - a scroll of random uselessness {unknown}
Potions
 d - 2 potions of might
 f - 4 potions of flight
 h - 3 potions of brilliance
 i - a potion of heal wounds
 o - 2 potions of haste
 q - 3 potions of lignification
 w - a potion of resistance {unknown}


   Skills:
 + Level 5.5 Fighting
 + Level 4.4 Maces & Flails
 + Level 5.4 Armour
 + Level 5.5 Shields
 + Level 2.8 Evocations


You had 7 spell levels left.
You didn't know any spells.
Your spell library was empty.

Dungeon Overview and Level Annotations

Branches:
Dungeon (4/15)             Temple (0/1) D:4           Sewer (visited)

Altars:
Elyvilon
Hepliaklqana
Vehumet

Annotations:
D:4 exclusion: oklob sapling


Innate Abilities, Weirdness & Mutations

You are resistant to torment.
Your stone body is resilient. (AC +5)
You are immune to poison.
You resist negative energy. (rN+)
You are resistant to electric shocks. (rElec)
You can survive without breathing.
You are immune to petrification.
You are immune to rotting.
You have sharp toenails.
Your mind is acute. (Int +2)
Your flesh is heat resistant. (rF+)
Your magical capacity is low. (-10% MP)


Message History

You hit the plant.
The plant begins to die. x2; You claw the plant.
The plant is almost destroyed.
You hit the plant.
The plant begins to die.
The plant is almost destroyed.
You sock the plant!
The plant begins to die.
You claw the plant, but do no damage.
The plant is almost destroyed.
You hit the plant.
The plant begins to die. x2; You claw the plant.
You destroy the plant!
The oklob sapling spits acid at you. The splash of acid hits you!
You are splashed with acid!
You take 24 damage, and have 26/50 hp.
MASSIVE DAMAGE!!
The oklob sapling spits acid at you. The splash of acid hits you!
You are splashed with acid!
* * * LOW HITPOINT WARNING * * *
You take 25 damage, and have 1/50 hp.
MASSIVE DAMAGE!!
There is a staircase to the Ecumenical Temple here.
The oklob sapling spits acid at you. The splash of acid hits you!
You die...

.......# #..........<.##......(..
.......# #................#.#.###
.......# #.............#.#....#..
.......# #...##........#......#.#
.......###...##........########.#
###........##..P.....#.#.....##.#
...........#.P.PPP.P.#.#.8.8.##.#
..............PP..P..#.'.._..##.#
.............PPP@.P..#.#.8.8.##.#
........##...PPPP.PP##.#.....##.#
........##....P.PPP.##.########.#
........##.....PP..P##.# #.##.#.#
....######......######.###.##.#.#
....# #...... #......#...) ....#
#...... ###########.# ....#
#.##### #............ ....#
#.##########.#########.#


You could see an oklob sapling.

Vanquished Creatures
  Purgy (Sewer)
  A phantom (D:4)
  3 ogres (D:4)
  A bullfrog (D:2)
  2 scorpions (D:4)
  A hound (D:4)
  An iguana (D:4)
  2 worker ants (D:4)
  Robin (D:2)
  4 adders
  An ooze (D:1)
  2 dart slugs (D:1)
  5 leopard geckos
  3 orcs
  9 giant cockroaches
  16 goblins
  14 hobgoblins
  10 jackals
  2 quokkas (D:3)
  7 ball pythons
  15 bats
  9 frilled lizards
  2 jackal skeletons (D:4)
  7 kobolds
  2 quokka skeletons (D:4)
  6 rats
  A plant (D:4)
128 creatures vanquished.

Notes
Turn   | Place    | Note
-------+----------+-------------------------------------------
     0 | D:1      | Mitsuki the Gargoyle Fighter began the quest for the Orb.
     0 | D:1      | Reached XP level 1. HP: 14/14 MP: 1/1
   117 | D:1      | Reached XP level 2. HP: 19/19 MP: 2/2
   519 | D:1      | Reached XP level 3. HP: 19/24 MP: 3/3
   860 | D:2      | Noticed Robin
   979 | D:1      | Reached XP level 4. HP: 25/29 MP: 4/4
  1220 | D:2      | Killed Robin
  1237 | D:2      | Found a radiant altar of Vehumet.
  1744 | D:2      | Found a white marble altar of Elyvilon.
  1821 | D:2      | Noticed a bullfrog
  1831 | D:2      | Killed a bullfrog
  1831 | D:2      | Reached XP level 5. HP: 31/33 MP: 5/5
  2103 | D:2      | Gained mutation: You have sharp toenails. [potion of
                  | mutation]
  2103 | D:2      | Gained mutation: Your magical capacity is low. (-10% MP)
                  | [potion of mutation]
  2103 | D:2      | Gained mutation: Your flesh is heat resistant. (rF+)
                  | [potion of mutation]
  2103 | D:2      | Gained mutation: Your mind is acute. (Int +2) [potion of
                  | mutation]
  2339 | D:3      | Found a glowing drain.
  2354 | D:3      | Reached skill level 1 in Evocations
  2436 | Sewer    | Entered a sewer
  2609 | Sewer    | Noticed Purgy
  2628 | Sewer    | Killed Purgy
  2628 | Sewer    | Reached XP level 6. HP: 34/39 MP: 5/5
  3191 | D:3      | Found a faded altar of an unknown god.
  3629 | D:4      | Reached skill level 5 in Shields
  3629 | D:4      | Reached XP level 7. HP: 42/44 MP: 6/6
  3817 | D:4      | Reached skill level 5 in Fighting
  3856 | D:4      | Reached skill level 5 in Armour
  4536 | D:4      | Reached XP level 8. HP: 47/50 MP: 7/7
  4727 | D:4      | Found a staircase to the Ecumenical Temple.
  4751 | D:4      | Found a hazy altar of Hepliaklqana.
  4786 | D:4      | HP: 1/50 [acid (17)]
  4788 | D:4      | Killed from afar by an oklob sapling

Illustrated notes

Levels and vault maps discovered:
D:1:      eino_arrival_druids_welcome, layout_basic, minmay_fountain_box,
          minmay_octomino_c4
D:2:      layout_loops_corners, lemuel_crystal_altar, lemuel_doored_altar,
          corexii_item_surrounded_by_moat, minmay_misc_feat_chi,
          minmay_joined_circles, uniq_robin
D:3:      layout_basic, chequers_ecumenical_altar_island, gup_sewer_entry_pipe
D:4:      layout_basic, kennysheep_little_box, minmay_temple_entry_oklob

Skill      XL: |  1  2  3  4  5  6  7 |
---------------+----------------------+-----
Fighting       | 4 5 |  5.5
Shields        | 4 5 |  5.5
Armour         | 4 5 |  5.4
Maces & Flails | 3 4 |  4.4
Evocations     | 1 2 |  2.8

Action                   |  1- 3 |  4- 6 |  7- 9 || total
-------------------------+-------+-------+-------++-------
Melee: Flail             |   124 |   289 |   106 ||   519
       Kick              |       |    27 |    36 ||    63
  Use: Potion            |       |     7 |       ||     7
Armor: Scale mail        |    79 |   171 |    40 ||   290
Dodge: Dodged            |    40 |   114 |    31 ||   185
Block: Kite shield       |    69 |   187 |    36 ||   292

Table legend: (Time is in decaauts)
 A = Elapsed time spent in this place.
 B = Non-inter-level travel time spent in this place.
 C = Inter-level travel time spent in this place.
 D = Time resting spent in this place.
 E = Time spent auto-exploring this place.
 F = Levels seen in this place.
 G = Mean time per level.
                   A        B        C        D        E       F      G
               +--------+--------+--------+--------+--------+-----+--------+
         Total |   4989 |   4867 |    122 |    211 |   3427 |   5 |  997.8 |
       Dungeon |   4662 |   4540 |    122 |    138 |   3263 |   4 | 1165.5 |
         Sewer |    327 |    327 |      0 |     73 |    164 |   1 |  327.0 |
               +--------+--------+--------+--------+--------+-----+--------+

Top non-repeatable levels by time:
     D:4: 1284 daAuts
     D:2: 1166 daAuts
     D:1: 1164 daAuts
     D:3: 1047 daAuts
   Sewer: 327 daAuts
